[Event "ICC tourney 2031 (45 10)"]
[Site "Internet Chess Club"]
[Date "2020.10.03"]
[Round "1"]
[White "rpodder1"]
[Black "Rene0329"]
[Result "1-0"]
[ICCResult "Black checkmated"]
[WhiteElo "1479"]
[BlackElo "1313"]
[Opening "King's pawn game"]
[ECO "C50"]
[NIC "IG.03"]
[Time "12:10:53"]
[TimeControl "2700+10"]

1. e4 e5 2. Nf3 Nc6 3. Bc4 h6 4. O-O Nf6 5. c3 Bc5 6. Re1 O-O 7. b4 Bb6 8.
a4 a6 9. a5 Ba7 10. Ba3 Ng4 11. Re2 d6 12. h3 Nf6 13. d3 Be6 14. Nbd2 Qd7
15. d4 Bxh3 16. gxh3 Qxh3 17. d5 Ne7 18. Qf1 Qg4+ 19. Qg2 Qf4 20. Qg3 Qxg3+
21. Kh1 Ng4 22. fxg3 Nf2+ 23. Kg2 Rae8 24. b5 axb5 25. Bxb5 c6 26. dxc6 bxc6
27. Ba4 f5 28. Bxd6 fxe4 29. Nxe4 Ng4 30. Bc5 Bb8 31. a6 Bc7 32. a7 Rf7 33.
Bb3 Nd5 34. a8=Q Rxa8 35. Rxa8+ Kh7 36. Ra7 Rf5 37. Bc2 Ndf6 38. Nxf6+ gxf6
39. Bxf5+ Kg7 40. Rxc7+ Kg8 41. Bh7+ Kh8 42. Nh4 f5 43. Ng6# {Black
checkmated} 1-0

[Event "ICC tourney 2031 (45 10)"]
[Site "Internet Chess Club"]
[Date "2020.10.03"]
[Round "1"]
[White "AAKASHBHATTA"]
[Black "Deng18"]
[Result "0-1"]
[ICCResult "White checkmated"]
[WhiteElo "1171"]
[BlackElo "1443"]
[Opening "Four knights: Scotch, 4...exd4"]
[ECO "C47"]
[NIC "VG.04"]
[Time "12:07:17"]
[TimeControl "2700+10"]

1. e4 e5 2. Nc3 Nf6 3. Nf3 Nc6 4. d4 exd4 5. Nxd4 Nxd4 6. Qxd4 d6 7. Qd1 Be7
8. Bd3 O-O 9. O-O h6 10. Be3 a6 11. Qf3 Ng4 12. h3 Nxe3 13. Qxe3 c6 14. e5
dxe5 15. Qe4 f5 16. Qxe5 Bd6 17. Qe3 Qf6 18. Qf3 Be6 19. a3 Rad8 20. g3 Kh8
21. Rfd1 Qg5 22. h4 Qf6 23. Be2 f4 24. gxf4 Qxh4 25. Qg2 Bxf4 26. f3 Be3+
27. Kf1 Bh3 28. Qxh3 Qf2# {White checkmated} 0-1

[Event "ICC tourney 2031 (45 10)"]
[Site "Internet Chess Club"]
[Date "2020.10.03"]
[Round "1"]
[White "adarshrook"]
[Black "mexicoreal"]
[Result "0-1"]
[ICCResult "White checkmated"]
[WhiteElo "1432"]
[BlackElo "2030"]
[Opening "Ruy Lopez: Marshall, main line, 14...Qh3"]
[ECO "C89"]
[NIC "RL.17"]
[Time "12:07:08"]
[TimeControl "2700+10"]

1. e4 e5 2. Nf3 Nc6 3. Bb5 a6 4. Ba4 Nf6 5. O-O b5 6. Bb3 Be7 7. Re1 O-O 8.
c3 d5 9. exd5 Nxd5 10. Nxe5 Nxe5 11. Rxe5 c6 12. d4 Bd6 13. Re1 Qh4 14. g3
Qh3 15. Qf3 Bg4 16. Qg2 Qh5 17. Nd2 Rae8 18. Rxe8 Rxe8 19. f3 Re1+ 20. Kf2
Bh3 21. g4 Qh4+ 22. Qg3 Bxg3+ 23. hxg3 Qe7 24. Ne4 Rf1+ 25. Ke2 g6 26. Bg5
Rxa1 27. Bxe7 Nxe7 28. Nd2 Kg7 29. Ne4 Bf1+ 30. Kf2 Bc4 31. Nd2 Bxb3 32.
Nxb3 Rxa2 33. Nd2 Rxb2 34. Ke2 Nd5 35. Kd3 a5 36. c4 Nb4+ 37. Kc3 Rc2+ 38.
Kb3 Rxd2 39. Ka3 Rxd4 40. c5 Rd3+ 41. Kb2 a4 42. f4 a3+ 43. Kc1 a2 44. Kb2
Rd1 45. Kb3 a1=Q 46. f5 Rb1# {White checkmated} 0-1

[Event "ICC tourney 2031 (45 10)"]
[Site "Internet Chess Club"]
[Date "2020.10.03"]
[Round "1"]
[White "StellanZ"]
[Black "ninjaforce16"]
[Result "0-1"]
[ICCResult "White checkmated"]
[WhiteElo "1313"]
[BlackElo "1479"]
[Opening "Grünfeld: 5.Bg5"]
[ECO "D91"]
[NIC "GI.08"]
[Time "12:07:52"]
[TimeControl "2700+10"]

1. d4 Nf6 2. c4 g6 3. Nc3 d5 4. Nf3 Bg7 5. Bg5 Ne4 6. Bd2 c6 7. e3 O-O 8.
Bd3 Nf6 9. O-O Bf5 10. Bxf5 gxf5 11. Qc2 e6 12. cxd5 cxd5 13. Ne5 Nbd7 14.
Nxd7 Qxd7 15. f3 Rac8 16. Qa4 Qxa4 17. Nxa4 Nd7 18. Bb4 Rfe8 19. Rfc1 Bf8
20. Rxc8 Rxc8 21. Bxf8 Kxf8 22. Kf2 Rc2+ 23. Kg3 b5 24. Nc3 a6 25. Rb1 Nb6
26. h4 Nc4 27. Nd1 Ke7 28. Kh3 Kf6 29. b3 Na3 30. Ra1 Kg6 31. g4 fxg4+ 32.
fxg4 h5 33. gxh5+ Kxh5 34. Kg3 Rc8 35. Nf2 f6 36. Kh3 Rc3 37. Nd1 Rc2 38.
Kg3 b4 39. Nf2 Nb5 40. Nh3 e5 41. a4 bxa3 42. dxe5 fxe5 43. Ng5 a2 44. Nf7
Nc3 45. Nxe5 Rb2 46. Kf4 Rb1 47. Rxa2 Nxa2 48. Nf3 Rxb3 49. Ke5 Rxe3+ 50.
Kf4 Rxf3+ 51. Kxf3 Nb4 52. Kg3 Nc6 53. Kh3 a5 54. Kg3 a4 55. Kf3 a3 56. Ke3
a2 57. Kf3 a1=Q 58. Kg3 d4 59. Kh3 d3 60. Kg3 d2 61. Kh3 d1=Q 62. Kg3 Qg1+
63. Kh3 Qh1+ 64. Kg3 Qxh4+ 65. Kf3 Qg4+ 66. Ke3 Qc3+ 67. Kf2 Qgg3+ 68. Ke2
Qgf3# {White checkmated} 0-1

[Event "ICC tourney 2031 (45 10)"]
[Site "Internet Chess Club"]
[Date "2020.10.03"]
[Round "1"]
[White "pyaru536"]
[Black "aronian22"]
[Result "1-0"]
[ICCResult "Black checkmated"]
[WhiteElo "2134"]
[BlackElo "1507"]
[Opening "King's Indian: fianchetto with ...Nd7"]
[ECO "E67"]
[NIC "KI.80"]
[Time "12:07:07"]
[TimeControl "2700+10"]

1. d4 Nf6 2. c4 g6 3. g3 Bg7 4. Bg2 O-O 5. Nc3 d6 6. Nf3 Nbd7 7. O-O c5 8.
d5 a6 9. a4 Qc7 10. e4 b6 11. h3 Bb7 12. Be3 e5 13. Ne1 Ne8 14. Nd3 f5 15.
f4 fxe4 16. Nxe4 Ndf6 17. Ng5 Bc8 18. fxe5 dxe5 19. d6 Nxd6 20. Bxa8 Nxc4
21. Qb3 b5 22. axb5 axb5 23. Bg2 Kh8 24. Bxc5 Nd2 25. Qc3 Nxf1 26. Bxf8 Qxc3
27. Bxg7+ Kxg7 28. bxc3 Nxg3 29. Nxe5 Ne2+ 30. Kh2 Nxc3 31. Ra7+ Kh6 32.
Ngf7+ Kh5 33. Rc7 b4 34. Rxc8 b3 35. Rxc3 b2 36. Rb3 b1=Q 37. Rxb1 g5 38.
Bf3+ Ng4+ 39. Bxg4+ Kh4 40. Nf3# {Black checkmated} 1-0

[Event "ICC tourney 2031 (45 10)"]
[Site "Internet Chess Club"]
[Date "2020.10.03"]
[Round "1"]
[White "python0812"]
[Black "crazyhorse9"]
[Result "1-0"]
[ICCResult "Black resigns"]
[WhiteElo "2017"]
[BlackElo "1386"]
[Opening "Ruy Lopez: Marshall, main line, 14...Qh3"]
[ECO "C89"]
[NIC "RL.17"]
[Time "12:07:14"]
[TimeControl "2700+10"]

1. e4 e5 2. Nf3 Nc6 3. Bb5 a6 4. Ba4 Nf6 5. O-O b5 6. Bb3 Be7 7. Re1 O-O 8.
c3 d5 9. exd5 Nxd5 10. Nxe5 Nxe5 11. Rxe5 c6 12. d4 Bd6 13. Re1 Qh4 14. g3
Qh3 15. Qf3 Bg4 16. Qg2 Qh5 17. Be3 Bf3 18. Qf1 Rae8 19. Nd2 Bg4 20. Bd1
Bxd1 21. Raxd1 Re6 22. Qe2 Qh3 23. Qf3 f5 24. Bg5 Rg6 25. c4 f4 26. Qg2 Qg4
27. cxd5 Rxg5 28. dxc6 fxg3 29. hxg3 Bxg3 30. Qxg3 Qf5 31. Ne4 Rxg3+ 32.
fxg3 Qd5 33. c7 Rc8 34. Nc5 Rxc7 35. Re8+ Kf7 36. Re4 Rc6 37. Rde1 Rf6 38.
Nd3 Qg5 39. Re7+ Kg8 40. Re8+ Rf8 41. R8e3 Qf6 42. d5 Qd4 43. Nf4 Re8 44.
Kf2 Qd2+ 45. R1e2 Qd4 46. Kf3 Rxe3+ 47. Rxe3 Qxb2 48. d6 Qd4 49. Re8+ Kf7
50. Rf8+ Kxf8 51. Ne6+ Ke8 52. Nxd4 Kd7 53. Ke4 Kxd6 54. Nf5+ Kc5 55. Nxg7
Kc4 56. Ne6 Kc3 57. Nc7 Kb2 58. Nxa6 Kxa2 59. Kd4 Kb2 60. g4 Kb3 61. Ke5 Ka4
62. Kf5 Ka5 63. Nc5 b4 64. Kg5 Kb5 65. Nb3 Kc4 66. Nd2+ Kd3 67. Nb3 Kc4 68.
Nc1 Kc3 69. Na2+ Kb3 70. Nxb4 Kxb4 71. Kh6 Kc5 72. Kxh7 Kd5 73. g5 Ke5 74.
g6 Kf6 75. g7 {Black resigns} 1-0

[Event "ICC tourney 2031 (45 10)"]
[Site "Internet Chess Club"]
[Date "2020.10.03"]
[Round "2"]
[White "StellanZ"]
[Black "adarshrook"]
[Result "0-1"]
[ICCResult "White resigns"]
[WhiteElo "1249"]
[BlackElo "1437"]
[Opening "King's Indian: London system"]
[ECO "A48"]
[NIC "QP.03"]
[Time "14:32:05"]
[TimeControl "2700+10"]

1. d4 Nf6 2. Nf3 g6 3. Bf4 Bg7 4. e3 d6 5. c4 Nbd7 6. Nc3 O-O 7. Be2 c5 8.
O-O cxd4 9. exd4 Re8 10. Re1 Qb6 11. Rb1 Qd8 12. Bd3 b6 13. Ne4 Bb7 14. Bg5
Rc8 15. Nxf6+ Nxf6 16. b3 d5 17. Ne5 Ne4 18. cxd5 Nc3 19. Qf3 Bxd5 20. Qf4
Nxb1 21. Bc4 f6 22. Nxg6 hxg6 23. Bxd5+ Qxd5 24. Bxf6 Bxf6 25. Rxb1 Qg5
{White resigns}
0-1

[Event "ICC tourney 2031 (45 10)"]
[Site "Internet Chess Club"]
[Date "2020.10.03"]
[Round "2"]
[White "aronian22"]
[Black "SeanO"]
[Result "1-0"]
[ICCResult "Black checkmated"]
[WhiteElo "1544"]
[BlackElo "1328"]
[Opening "Queen's pawn"]
[ECO "A40"]
[NIC "QO.17"]
[Time "14:31:29"]
[TimeControl "2700+10"]

1. d4 e6 2. Nf3 d5 3. g3 c5 4. Bg2 Nc6 5. O-O Qb6 6. c3 Nh6 7. Bf4 Nf5 8.
dxc5 Bxc5 9. Qc2 O-O 10. Nbd2 h6 11. Nb3 Be7 12. Rfd1 Rd8 13. Nbd4 Nfxd4 14.
cxd4 Bf6 15. e3 Bd7 16. h4 Rac8 17. Qd3 Nb4 18. Qb3 a5 19. a3 Rc4 20. axb4
Rxb4 21. Qa3 Ra8 22. Rab1 Rb3 23. Qd6 Ra6 24. Qxd7 Rxb2 25. Rxb2 Qxb2 26.
Qe8+ Kh7 27. Qxf7 a4 28. Ng5+ hxg5 29. hxg5 Bxg5 30. Bxg5 Ra8 31. Bf6 Rg8
32. Qh5# {Black checkmated} 1-0

[Event "ICC tourney 2031 (45 10)"]
[Site "Internet Chess Club"]
[Date "2020.10.03"]
[Round "2"]
[White "crazyhorse9"]
[Black "AAKASHBHATTA"]
[Result "1-0"]
[ICCResult "Black checkmated"]
[WhiteElo "1387"]
[BlackElo "1130"]
[Opening "Two knights defense (Modern bishop's opening)"]
[ECO "C55"]
[NIC "IG.01"]
[Time "14:31:55"]
[TimeControl "2700+10"]

1. e4 e5 2. Nf3 Nc6 3. Bc4 Nf6 4. d3 d5 5. exd5 Nxd5 6. O-O Be7 7. Re1 Bf6
8. d4 O-O 9. dxe5 Nxe5 10. Nxe5 c6 11. Nd2 Re8 12. Ndf3 Qd6 13. Nd3 Bd7 14.
Bd2 Bd8 15. Rxe8+ Bxe8 16. c3 Bf6 17. Qc2 Bd7 18. Bxd5 cxd5 19. Nf4 Re8 20.
Re1 Rxe1+ 21. Bxe1 Qxf4 22. Bd2 Qd6 23. Bg5 Bxg5 24. Nxg5 g6 25. Qe2 Qf4 26.
Nf3 Qc1+ 27. Ne1 a6 28. h3 Bb5 29. Qe5 Qxb2 30. Qxd5 Qxc3 31. Nf3 Bc6 32.
Qd8+ Kg7 33. Qc7 Bxf3 34. Qxc3+ Kg8 35. Qxf3 b5 36. Qc6 Kg7 37. Qxa6 b4 38.
Kf1 b3 39. axb3 f6 40. b4 Kf7 41. b5 Ke8 42. b6 Kd8 43. b7 Kc7 44. Qa8 g5
45. b8=Q+ Kd7 46. Qe8+ Kc7 47. Qac6# {Black checkmated} 1-0

[Event "ICC tourney 2031 (45 10)"]
[Site "Internet Chess Club"]
[Date "2020.10.03"]
[Round "2"]
[White "mexicoreal"]
[Black "rpodder1"]
[Result "1-0"]
[ICCResult "Black resigns"]
[WhiteElo "2020"]
[BlackElo "1506"]
[Opening "Sicilian: Najdorf, 6.Bg5"]
[ECO "B94"]
[NIC "SI.04"]
[Time "14:31:22"]
[TimeControl "2700+10"]

1. e4 c5 2. Nf3 d6 3. d4 cxd4 4. Nxd4 Nf6 5. Nc3 a6 6. Bg5 Nbd7 7. a4 g6 8.
Qd2 Bg7 9. Be2 O-O 10. Nb3 b6 11. Bh6 Bb7 12. f3 Rc8 13. h4 Nc5 14. Nxc5
dxc5 15. Bxg7 Kxg7 16. g4 h5 17. g5 Qxd2+ 18. Kxd2 Rcd8+ 19. Ke3 Nd7 20.
Rad1 f6 21. Nd5 e6 22. gxf6+ Nxf6 23. Nxb6 Rb8 24. a5 Rbd8 25. Bc4 e5 26.
Bb3 Rd4 27. c3 Rdd8 28. Nc4 Rfe8 29. Rxd8 Rxd8 30. Rd1 Rxd1 31. Bxd1 Nd7 32.
Ba4 Nf8 33. Nxe5 Ne6 34. Nd7 Kf7 35. Bb3 Bc6 36. Nxc5 Bd7 {Black resigns}
1-0

[Event "ICC tourney 2031 (45 10)"]
[Site "Internet Chess Club"]
[Date "2020.10.03"]
[Round "2"]
[White "ninjaforce16"]
[Black "pyaru536"]
[Result "0-1"]
[ICCResult "White resigns"]
[WhiteElo "1539"]
[BlackElo "2134"]
[Opening "Ruy Lopez: closed, Breyer, Borisenko variation"]
[ECO "C95"]
[NIC "RL.25"]
[Time "14:31:57"]
[TimeControl "2700+10"]

1. e4 e5 2. Nf3 Nc6 3. Bb5 a6 4. Ba4 Nf6 5. O-O Be7 6. Re1 b5 7. Bb3 d6 8.
c3 O-O 9. h3 Nb8 10. d4 Nbd7 11. Nbd2 Bb7 12. Bc2 Re8 13. Nf1 Bf8 14. Ng3 g6
15. a4 Nb6 16. b3 bxa4 17. bxa4 a5 18. Rb1 Ba6 19. Bd3 Qc8 20. Bb5 Bxb5 21.
axb5 a4 22. Qd3 exd4 23. cxd4 Bg7 24. Ba3 d5 25. e5 Nfd7 26. Nd2 Bh6 27. Ne2
Bxd2 28. Qxd2 Nc4 29. Qb4 Ndb6 30. Nc3 Qd7 31. Rbc1 Qe6 32. Nd1 f6 33. f4
Qf5 34. Rf1 Qd3 35. Bb2 Nd2 36. Rf2 Nbc4 37. Bc3 Nb3 38. Rb1 Qxb1
{White resigns}
0-1

[Event "ICC tourney 2031 (45 10)"]
[Site "Internet Chess Club"]
[Date "2020.10.03"]
[Round "2"]
[White "Singh311"]
[Black "Erky"]
[Result "1-0"]
[ICCResult "Black resigns"]
[WhiteElo "1505"]
[BlackElo "1373"]
[Opening "Sicilian"]
[ECO "B50"]
[NIC "SI.01"]
[Time "14:31:23"]
[TimeControl "2700+10"]

1. e4 c5 2. Nf3 d6 3. g3 Nf6 4. c3 g6 5. d4 cxd4 6. Qxd4 Nc6 7. Qd3 Bg7 8.
Bg2 O-O 9. O-O Bd7 10. Bg5 Qc7 11. Nbd2 Rfe8 12. Rfe1 Ng4 13. h3 Nge5 14.
Qe3 f6 15. Bh6 Be6 16. Bxg7 Kxg7 17. h4 Ng4 18. Qe2 Qd7 19. Nd4 Nxd4 20.
cxd4 Nh6 21. d5 Bh3 22. Kh2 Bxg2 23. Kxg2 Nf7 24. g4 Ne5 25. f3 Rac8 26.
Rac1 Qa4 27. a3 Qd4 28. f4 Rxc1 29. Rxc1 Nxg4 30. Nf3 Qe3 31. Qxe3 Nxe3+ 32.
Kf2 Ng4+ 33. Kg3 h5 34. Rc7 Kf7 35. Nd4 Rb8 36. b4 a6 37. b5 axb5 38. Nxb5
Kf8 39. a4 Nh6 40. Nd4 Kf7 41. a5 Ng8 42. Kf3 Nh6 43. Ke3 Ng4+ 44. Kd3 Nf2+
45. Ke3 Ng4+ 46. Kd3 Nh6 47. Kc4 Ng8 48. Kb5 g5 49. Kb6 gxf4 50. Rxb7 Rxb7+
51. Kxb7 e5 52. Nf3 Ne7 53. a6 Nc8 54. Kxc8 {Black resigns} 1-0

[Event "ICC tourney 2031 (45 10)"]
[Site "Internet Chess Club"]
[Date "2020.10.03"]
[Round "2"]
[White "Deng18"]
[Black "python0812"]
[Result "0-1"]
[ICCResult "White checkmated"]
[WhiteElo "1479"]
[BlackElo "2011"]
[Opening "Sicilian: dragon, 6.Be3"]
[ECO "B72"]
[NIC "SI.16"]
[Time "14:31:23"]
[TimeControl "2700+10"]

1. e4 c5 2. Nf3 d6 3. d4 cxd4 4. Nxd4 Nf6 5. Nc3 g6 6. Be3 Bg7 7. Bc4 a6 8.
a4 b6 9. O-O Bb7 10. f3 Nbd7 11. Qd2 Rc8 12. Ba2 Ne5 13. Rad1 O-O 14. Nde2
Nfd7 15. Nd5 Nc4 16. Bxc4 Rxc4 17. b3 Rc8 18. c4 Nc5 19. Qc2 b5 20. axb5
axb5 21. cxb5 Nxe4 22. Qxe4 e6 23. Nf6+ Qxf6 24. Qxb7 Qe5 25. Qe4 Qxb5 26.
Nd4 Bxd4 27. Qxd4 Rfd8 28. Qb6 Qe5 29. Qd4 Qb5 30. Qf6 Qxb3 31. Bd4 e5 32.
Bxe5 Qe3+ 33. Rf2 Qxe5 34. Qxe5 dxe5 35. Re1 f6 36. f4 exf4 37. Rxf4 Rc2 38.
Rf2 Rc6 39. g4 Rd4 40. h3 Rc3 41. Re7 Rxh3 42. Rxf6 Rxg4+ 43. Kf2 Rh2+ 44.
Kf3 Rg1 45. Rb6 Rf1+ 46. Kg3 Rhf2 47. Rb8+ Rf8 48. Rbb7 R8f7 49. Re8+ Kg7
50. Rb4 h5 51. Rh4 Kh6 52. Re6 Kg5 53. Rhe4 h4+ 54. Kh3 R1f3+ 55. Kg2 Rg3+
56. Kh2 Kh5 57. Re8 Rf2+ 58. Kh1 Rg4 59. R4e5+ Rf5 60. Re3 Kg5 61. Rh8 Kf4
62. Rh3 g5 63. Ra8 Rg3 64. Ra4+ Kf3 65. Ra3+ Kg4 66. Rhxg3+ hxg3 67. Kg2
Rf2+ 68. Kg1 Kh3 69. Rb3 g4 70. Ra3 Rf3 71. Ra8 g2 72. Rh8+ Kg3 73. Rh3+ Kf4
74. Rh8 Ra3 75. Kxg2 Ra2+ 76. Kf1 Kg3 77. Rb8 Ra1+ 78. Ke2 Kg2 79. Rb2 Rf1
80. Ke3+ Kg1 81. Rd2 g3 82. Rd5 g2 83. Rh5 Rf6 84. Ke2 Rf2+ 85. Ke1 Rf4 86.
Ke2 Re4+ 87. Kd3 Kf2 88. Rf5+ Ke1 89. Kxe4 g1=Q 90. Kd3 Qg3+ 91. Ke4 Ke2 92.
Kd5 Qd3+ 93. Ke5 Ke3 94. Rg5 Qe4+ 95. Kf6 Kf4 96. Rh5 Qc6+ 97. Kg7 Kg4 98.
Rh6 Qd7+ 99. Kf6 Qd6+ 100. Kg7 Qd7+ 101. Kf6 Qf5+ 102. Kg7 Kg5 103. Rb6 Qd7+
104. Kf8 Qd8+ 105. Kf7 Qxb6 106. Kg7 Qf6+ 107. Kg8 Qe7 108. Kh8 Kg6 109. Kg8
Qg7# {White checkmated} 0-1

[Event "ICC tourney 2031 (45 10)"]
[Site "Internet Chess Club"]
[Date "2020.10.03"]
[Round "3"]
[White "AAKASHBHATTA"]
[Black "StellanZ"]
[Result "0-1"]
[ICCResult "White resigns"]
[WhiteElo "1098"]
[BlackElo "1284"]
[Opening "Sicilian: closed"]
[ECO "B23"]
[NIC "SI.44"]
[Time "17:02:10"]
[TimeControl "2700+10"]

1. e4 c5 2. Nc3 e6 3. Nf3 d5 4. exd5 exd5 5. d4 Nf6 6. Qe2+ Qe7 7. Qxe7+
Bxe7 8. Bg5 cxd4 9. Nxd4 Be6 10. Bxf6 Bxf6 11. Nxe6 Bxc3+ 12. bxc3 fxe6 13.
Bd3 O-O 14. O-O Nc6 15. Rfe1 e5 16. Bb5 e4 17. Bxc6 bxc6 18. c4 Rfe8 19.
cxd5 cxd5 20. Red1 Red8 21. Re1 Kf7 22. Rad1 Rac8 23. Rd2 g6 24. Red1 Rc5
25. h3 Ke6 26. c4 Rxc4 27. Rxd5 Rxd5 28. Rxd5 Kxd5 29. Kf1 Ra4 30. Ke2 Rxa2+
31. Ke3 Ke5 32. f3 Ra3+ 33. Kf2 exf3 34. gxf3 Rb3 35. Kg3 a5 36. Kg4 Rb4+
37. Kg3 a4 38. h4 a3 {White resigns} 0-1

[Event "ICC tourney 2031 (45 10)"]
[Site "Internet Chess Club"]
[Date "2020.10.03"]
[Round "3"]
[White "Rene0329"]
[Black "Deng18"]
[Result "0-1"]
[ICCResult "White checkmated"]
[WhiteElo "1269"]
[BlackElo "1502"]
[Opening "two knights defense: Kieseritsky variation"]
[ECO "C58"]
[NIC "KP.01"]
[Time "17:02:12"]
[TimeControl "2700+10"]

1. e4 e5 2. Nf3 Nc6 3. Bc4 Nf6 4. Ng5 d5 5. exd5 Na5 6. d3 h6 7. Nf3 Bd6 8.
O-O O-O 9. d4 Nxc4 10. dxe5 Nxe5 11. Nxe5 Bxe5 12. Re1 Re8 13. f4 Bd4+ 14.
Kf1 Rxe1+ 15. Qxe1 Qxd5 16. Be3 Qc4+ 17. Kg1 Bxb2 18. Nd2 Qc6 19. Rb1 Ba3
20. c4 Bc5 21. Bxc5 Qxc5+ 22. Kf1 Bf5 23. Rb5 Bd3+ 24. Qe2 Bxe2+ 25. Kxe2
Re8+ 26. Kd1 Qd4 27. Rxb7 Ne4 28. Kc1 Qxd2+ 29. Kb1 Nc3+ 30. Ka1 Qxa2#
{White checkmated}
0-1

[Event "ICC tourney 2031 (45 10)"]
[Site "Internet Chess Club"]
[Date "2020.10.03"]
[Round "3"]
[White "rpodder1"]
[Black "aronian22"]
[Result "1-0"]
[ICCResult "Black resigns"]
[WhiteElo "1558"]
[BlackElo "1484"]
[Opening "Sicilian: Alapin's variation (2.c3)"]
[ECO "B22"]
[NIC "SI.47"]
[Time "17:02:09"]
[TimeControl "2700+10"]

1. e4 c5 2. c3 Nf6 3. e5 Nd5 4. d4 cxd4 5. cxd4 d6 6. exd6 Qxd6 7. Nc3 e6 8.
g3 Nxc3 9. bxc3 Qc6 10. Qf3 Bd6 11. Bg2 Qxf3 12. Nxf3 Nc6 13. O-O O-O 14.
Be3 e5 15. Rab1 exd4 16. Nxd4 Nxd4 17. Bxd4 Rb8 18. Bxa7 Ra8 19. Bd4 Rxa2
20. Bxb7 Bf5 21. Rbd1 Bc7 22. Rfe1 Be6 23. Bc5 Rb8 24. Bd5 Bxd5 25. Rxd5 h6
26. Rd7 Ba5 27. Bd4 Rc2 28. Ree7 Rc1+ 29. Kg2 Rf8 30. Re3 Rc8 31. Rf3 Rf8
32. Bc5 Rc8 33. Bd6 Bxc3 34. Rfxf7 Bf6 35. Bf4 R1c6 36. g4 Rd8 37. Rb7 Rc5
38. h4 Rd4 39. Kg3 Rc3+ 40. f3 Rdd3 41. Bb8 Rxf3+ 42. Kg2 Rg3+ 43. Bxg3 Rc2+
44. Bf2 {Black resigns} 1-0

[Event "ICC tourney 2031 (45 10)"]
[Site "Internet Chess Club"]
[Date "2020.10.03"]
[Round "3"]
[White "pyaru536"]
[Black "Singh311"]
[Result "1-0"]
[ICCResult "Black resigns"]
[WhiteElo "2134"]
[BlackElo "1558"]
[Opening "King's Indian: 3.g3"]
[ECO "E62"]
[NIC "KI.80"]
[Time "17:02:53"]
[TimeControl "2700+10"]

1. d4 Nf6 2. c4 g6 3. g3 Bg7 4. Bg2 O-O 5. Nc3 d6 6. Nf3 d5 7. cxd5 Nxd5 8.
O-O b6 9. Nxd5 Qxd5 10. Ne5 Qd6 11. Bxa8 c6 12. Bf4 Re8 13. Nxc6 Qd7 14.
Nxb8 Qxd4 15. Qxd4 Bxd4 16. Bc6 Rf8 17. Nd7 Bxd7 18. Bxd7 Bxb2 19. Rab1 Bg7
20. Rbc1 e5 21. Be3 Bf6 22. Rc8 Rxc8 23. Bxc8 a5 24. Bh6 Bg7 25. Bxg7 Kxg7
26. Rb1 {Black resigns} 1-0

[Event "ICC tourney 2031 (45 10)"]
[Site "Internet Chess Club"]
[Date "2020.10.03"]
[Round "3"]
[White "adarshrook"]
[Black "ninjaforce16"]
[Result "0-1"]
[ICCResult "White checkmated"]
[WhiteElo "1424"]
[BlackElo "1585"]
[Opening "Sicilian: Najdorf"]
[ECO "B90"]
[NIC "SI.14"]
[Time "17:02:14"]
[TimeControl "2700+10"]

1. e4 c5 2. Nf3 d6 3. d4 cxd4 4. Nxd4 Nf6 5. Nc3 a6 6. f3 e5 7. Nb3 Be6 8.
Be3 Nbd7 9. Bd3 Be7 10. O-O b5 11. Kh1 O-O 12. a4 b4 13. Ne2 d5 14. exd5
Nxd5 15. Be4 Nxe3 16. Qd3 Nxf1 17. Bxa8 Qxa8 18. Rxf1 Nf6 19. Nc5 Bxc5 20.
Ng3 Rd8 21. Qe2 Bd4 22. Ne4 Nxe4 23. Qxe4 Qxe4 24. fxe4 Bxb2 25. Rb1 a5 26.
h3 Bc3 27. Rg1 Rd2 28. h4 f6 29. g4 Bc8 30. g5 Kf7 31. gxf6 gxf6 32. h5 Bb7
33. Re1 Rh2+ 34. Kxh2 Bxe1 35. c3 Bxe4 36. h6 b3 37. c4 b2 38. c5 b1=Q 39.
c6 Qb2+ 40. Kh3 Qg2# {White checkmated} 0-1

[Event "ICC tourney 2031 (45 10)"]
[Site "Internet Chess Club"]
[Date "2020.10.03"]
[Round "3"]
[White "SeanO"]
[Black "crazyhorse9"]
[Result "0-1"]
[ICCResult "White resigns"]
[WhiteElo "1239"]
[BlackElo "1389"]
[Opening "Queen's pawn: London system"]
[ECO "A45"]
[NIC "QP.07"]
[Time "17:02:11"]
[TimeControl "2700+10"]

1. d4 Nf6 2. Bf4 d5 3. e3 Bf5 4. Bd3 Bxd3 5. cxd3 Nbd7 6. Nf3 e6 7. h3 Bd6
8. Ne5 O-O 9. O-O Rc8 10. Nxd7 Qxd7 11. Bxd6 cxd6 12. Nc3 e5 13. dxe5 dxe5
14. d4 e4 15. Qb3 Rc4 16. Rac1 Rfc8 17. Rc2 b5 18. Rfc1 Qc6 19. Kf1 b4 20.
Ke2 bxc3 21. Rxc3 Rxc3 22. Rxc3 Qa6+ 23. Kd2 Rxc3 24. bxc3 g6 25. f3 Qf1 26.
Qb8+ Kg7 27. Qg3 Qb1 28. Qf2 Qxa2+ 29. Ke1 Qb1+ 30. Ke2 a5 31. Qe1 Qxe1+ 32.
Kxe1 exf3 33. gxf3 Kh6 34. Kd2 Kg5 35. Kc2 Kh4 36. Kb3 Kxh3 37. Ka4 Kg3 38.
Kxa5 Kxf3 39. Kb5 Kxe3 {White resigns} 0-1

[Event "ICC tourney 2031 (45 10)"]
[Site "Internet Chess Club"]
[Date "2020.10.03"]
[Round "3"]
[White "python0812"]
[Black "mexicoreal"]
[Result "1-0"]
[ICCResult "Black resigns"]
[WhiteElo "2019"]
[BlackElo "1979"]
[Opening "Ruy Lopez: Marshall counter-attack"]
[ECO "C89"]
[NIC "RL.17"]
[Time "17:02:15"]
[TimeControl "2700+10"]

1. e4 e5 2. Nf3 Nc6 3. Bb5 a6 4. Ba4 Nf6 5. O-O b5 6. Bb3 Be7 7. Re1 O-O 8.
c3 d5 9. d4 exd4 10. e5 Ne4 11. cxd4 Bg4 12. Nc3 Bb4 13. Nxe4 Bxe1 14. Neg5
h6 15. Qc2 hxg5 16. Nxg5 g6 17. Qxc6 Rb8 18. Bxd5 Rb6 19. Qc5 Be6 20. Nxe6
fxe6 21. Bf3 a5 22. Be3 Bb4 23. Qc2 Kg7 24. Be4 Rb8 25. Bxg6 Rc8 26. Qe4 Rh8
27. g3 c5 28. Qg4 cxd4 29. Bh5+ {Black resigns} 1-0

[Event "ICC tourney 2031 (45 10)"]
[Site "Internet Chess Club"]
[Date "2020.10.04"]
[Round "4"]
[White "aronian22"]
[Black "StellanZ"]
[Result "1-0"]
[ICCResult "Black resigns"]
[WhiteElo "1502"]
[BlackElo "1258"]
[Opening "Queen's pawn game"]
[ECO "A46"]
[NIC "QP.06"]
[Time "12:03:04"]
[TimeControl "2700+10"]

1. d4 Nf6 2. Nf3 e6 3. g3 c5 4. dxc5 Bxc5 5. Bg2 Qb6 6. O-O O-O 7. Nc3 Ng4
8. e3 Qd8 9. Nd4 e5 10. Qxg4 d5 11. Nf5 Qf6 12. Nxd5 Qxf5 13. Qxf5 Bxf5 14.
Nc7 {Black resigns} 1-0

[Event "ICC tourney 2031 (45 10)"]
[Site "Internet Chess Club"]
[Date "2020.10.04"]
[Round "4"]
[White "SeanO"]
[Black "Rene0329"]
[Result "1-0"]
[ICCResult "Black checkmated"]
[WhiteElo "1290"]
[BlackElo "1210"]
[Opening "Queen's pawn, Mason variation"]
[ECO "D00"]
[NIC "QP.08"]
[Time "12:02:58"]
[TimeControl "2700+10"]

1. d4 d5 2. Bf4 Nc6 3. e3 Bf5 4. Bd3 Qd7 5. Nf3 O-O-O 6. Ne5 Nxe5 7. Bxe5 e6
8. Bxf5 exf5 9. Nc3 Bd6 10. Bg3 Nf6 11. Qe2 Rhe8 12. O-O-O f4 13. Bh4 Ng4
14. Bxd8 Kxd8 15. Rd3 c5 16. Qf3 c4 17. Rd2 fxe3 18. fxe3 Nxe3 19. Re2 Qe7
20. Rhe1 Qg5 21. Kb1 Nxg2 22. Rxe8+ Kd7 23. Qxf7+ Kc6 24. Rc1 Bf4 25. Rc8+
Kd6 26. Nb5# {Black checkmated} 1-0

[Event "ICC tourney 2031 (45 10)"]
[Site "Internet Chess Club"]
[Date "2020.10.04"]
[Round "4"]
[White "ninjaforce16"]
[Black "rpodder1"]
[Result "1-0"]
[ICCResult "Black resigns"]
[WhiteElo "1621"]
[BlackElo "1514"]
[Opening "Sicilian: Najdorf, Lipnitzky attack"]
[ECO "B90"]
[NIC "SI.13"]
[Time "12:02:38"]
[TimeControl "2700+10"]

1. e4 c5 2. Nf3 d6 3. d4 cxd4 4. Nxd4 Nf6 5. Nc3 a6 6. Bc4 b5 7. Bb3 Bb7 8.
Qe2 g6 9. a4 b4 10. Qc4 e6 11. Qxb4 Qc7 12. a5 e5 13. Nf3 Nc6 14. Qa4 Bg7
15. O-O O-O 16. Be3 Nd7 17. Nd5 Qd8 18. Rfd1 Nf6 19. Bb6 Qd7 20. Bc5 Ne8 21.
Nb6 Qc8 22. Nxc8 {Black resigns} 1-0